 Dungeon Crawl Stone Soup version 0.27-a0-1325-g58a489ad9e (webtiles) character file.

Game seed: 13807478679501678042

10056 Froggeryz the Cleaver (level 11, -7/95 HPs)
             Began as a Palentonga Berserker on June 24, 2021.
             Was a High Priest of Trog.
             Engulfed by a cloud of flame (14 damage)
             ... in a volcano.
             The game lasted 00:11:03 (13463 turns).

Froggeryz the Cleaver (Palentonga Berserker)       Turns: 13463, Time: 00:11:04

Health: -7/95      AC: 15    Str: 23 (24) XL:     11   Next: 31%
Magic:  0/11       EV:  8    Int:  5 (7)  God:    Trog [*****.]
Gold:   633        SH:  6    Dex:  8 (10) Spells: 10/10 levels left

rFire    + . .     SeeInvis +   h - +1 war axe (elec)
rCold    . . .     Faith    .   E - +2 buckler {AC+3}
rNeg     . . .     Spirit   +   e - +0 scale mail
rPois    +         Reflect  .   o - +2 helmet
rElec    +         Harm     .   q - +1 cloak {Will+}
rCorr    +         Rampage  .   i - -1 pair of gloves of Infinity {rElec rPois}
Will     +++..                  (no barding)
Stlth    ..........             B - amulet of guardian spirit
HPRegen  1.25/turn              p - ring of protection from fire
MPRegen  0.12/turn              u - ring of resist corrosion

@: brilliant, strong-willed, regenerating, studying Fighting
A: large, rugged brown scales 3, see invisible, deformed body, roll 1, armoured
tail, reflexive curl
a: Rolling Charge, Renounce Religion, Berserk, Trog's Hand, Brothers in Arms


You were in a volcano.
You worshipped Trog.
Trog was extremely pleased with you.
You visited 2 branches of the dungeon, and saw 11 of its levels.
You also visited: Volcano.

You collected 633 gold pieces.

Inventory:

Hand Weapons
 g - the +2 hand axe of the Singing Badger {elec, rN+ Str-5 Dex+4}
   (You found it on level 4 of the Dungeon)

   Occasionally, upon striking a foe, it can discharge electrical energy and
   cause terrible harm.
   It affects your strength (-5).
   It affects your dexterity (+4).
   It protects you from negative energy.
 h - a +1 war axe of electrocution (weapon)
 j - a +4 scimitar of flaming
Missiles
 w - 22 poisoned darts
 y - 11 curare-tipped darts
 G - 2 throwing nets
Armour
 e - a +0 scale mail (worn)
 i - the -1 pair of gloves of Infinity (worn) {rElec rPois}
   (You found it on level 4 of the Dungeon)

   It insulates you from electricity.
   It protects you from poison.
 o - a +2 helmet (worn)
 q - a +1 cloak of willpower (worn)
 E - a +2 buckler of protection (worn)
Jewellery
 p - a ring of protection from fire (left hand)
 u - a ring of resist corrosion (right hand)
 v - a ring of poison resistance
 B - an amulet of guardian spirit (around neck)
Wands
 t - a wand of charming (10)
 A - a wand of iceblast (8)
 C - a wand of mindburst (7)
 F - a wand of flame (25)
Scrolls
 f - 2 scrolls of enchant armour {unknown}
 k - 2 scrolls of blinking {unknown}
 r - a scroll of acquirement {unknown}
 s - a scroll of magic mapping {unknown}
 x - 2 scrolls of teleportation
 z - 3 scrolls of identify
 D - a scroll of vulnerability {unknown}
 H - a scroll of noise {unknown}
Potions
 a - 2 potions of brilliance
 b - 2 potions of lignification {unknown}
 d - a potion of cancellation {unknown}
 l - a potion of heal wounds {unknown}
 m - 2 potions of degeneration
 n - a potion of invisibility {unknown}
 I - a potion of might {unknown}


   Skills:
 - Level 9.1 Fighting
 + Level 14.2 Axes
 + Level 4.6 Armour
 - Level 1.5 Dodging
 - Level 5.2 Shields


You had 10 spell levels left.
You didn't know any spells.
Your spell library was empty.

Dungeon Overview and Level Annotations

Branches:
Dungeon (10/15)            Temple (0/1) D:6            Lair (1/6) D:10
    Orc (0/2) D:9         Volcano (1/1)

Altars:
Ashenzari
Cheibriados
Fedhas
Hepliaklqana
Okawaru
Ru
Trog
Uskayaw
Wu Jian
Xom
Yredelemnul
The Shining One


Innate Abilities, Weirdness & Mutations

You are completely covered in rugged brown scales. (AC +3, +7% HP)
You have supernaturally acute eyesight. (SInv)
Armour fits poorly on your strangely shaped body.
You can roll at nearby foes to attack.
You have a long armoured tail.
You curl defensively after being hit.


Message History

You block the fire elemental's attack.
You feel better.
You are engulfed in blazing flames.
You resist.
* * * LOW HITPOINT WARNING * * *
The fire elemental closely misses you.
You closely miss the fire elemental.
The fire elemental is severely damaged.
You are engulfed in blazing flames.
You resist.
* * * LOW HITPOINT WARNING * * *
The fire elemental hits you.
You miss the fire elemental. You tail-slap the fire elemental.
The fire elemental is severely damaged.
You are engulfed in blazing flames.
You resist.
* * * LOW HITPOINT WARNING * * *
The fire elemental barely misses you.
It was a potion of brilliance.
You feel clever all of a sudden.
You are engulfed in blazing flames.
You resist.
* * * LOW HITPOINT WARNING * * *
The fire elemental barely misses you.
You feel better.
You are engulfed in blazing flames.
You resist.
* * * LOW HITPOINT WARNING * * *
The fire elemental hits you. The fire vortex hits you.
The fire vortex burns you! You resist.
* * * LOW HITPOINT WARNING * * *
The fire vortex dissipates!
The fire elemental hits you. The fire elemental burns you! You resist.
* * * LOW HITPOINT WARNING * * *
You feel better.
You are engulfed in blazing flames.
You resist.
* * * LOW HITPOINT WARNING * * *
The fire elemental hits you. The fire elemental burns you! You resist.
* * * LOW HITPOINT WARNING * * *
You feel better.
You are engulfed in blazing flames.
You resist.
* * * LOW HITPOINT WARNING * * *
The fire elemental hits you. The fire elemental burns you! You resist.
* * * LOW HITPOINT WARNING * * *
It was a potion of degeneration.
There was something very wrong with that liquid.
You feel weakened.
You feel dopey.
You feel clumsy.
You are engulfed in blazing flames.
You resist.
You die...

##☼.## #.°°°# ##
##.°°v## ### ##.#
#.°°≈°.# ##.## #...#
##.≈≈°§.## ##...# ..≈..#
#..≈°°°..###..≈.§
.≈≈§..##.°°≈°≈°☼##..≈≈§.
≈≈≈≈≈.E#°°≈≈v≈≈☼#..≈≈≈§§
≈°°≈§§°@##°##≈##'.≈≈≈≈≈≈
≈°°°≈##############≈≈≈≈§
### ###≈## ####


You could see a fire elemental and 2 fire vortices.

Vanquished Creatures
  A two-headed ogre (D:10)
  A wolf spider (Lair:1)
  3 cane toads (Lair:1)
  2 komodo dragons
  2 efreet (Volcano)
  A hornet (D:7)
  A troll (D:8)
  A shadow (D:9)
  Sigmund (D:2)
  A vampire (D:9)
  6 yaks (D:10)
  2 fire elementals (Volcano)
  2 basilisks (Lair:1)
  Menkaure (D:5)
  2 steam dragons
  2 water moccasins
  An acid dragon (D:8)
  Edmund (D:5)
  4 orc warriors
  A hornet zombie (D:6)
  2 black bears
  2 ice beasts
  4 ogres
  4 centaurs
  2 phantoms
  4 kobold brigands
  2 bullfrogs
  3 gnoll sergeants
  5 scorpions
  6 killer bees (D:5)
  5 wights (D:8)
  2 howler monkeys
  A bullfrog zombie (D:7)
  2 hounds
  A jelly (D:7)
  Crazy Yiuf (D:4)
  7 orc priests
  A centaur skeleton (D:7)
  An iguana (D:6)
  9 orc wizards
  12 gnolls
  7 adders
  4 worms
  3 dart slugs
  25 orcs
  10 endoplasms
  A giant cockroach (D:2)
  5 goblins
  8 hobgoblins
  4 jackals (D:3)
  20 kobolds
  8 ball pythons
  6 bats
  A frilled lizard (D:2)
  7 rats
221 creatures vanquished.

Vanquished Creatures (others)
  2 fire vortices (Volcano)
  4 fungi (Lair:1)
  13 plants (Lair:1)
19 creatures vanquished.

Grand Total: 240 creatures vanquished

Notes
Turn   | Place    | Note
-------+----------+-------------------------------------------
     0 | D:1      | Froggeryz the Palentonga Berserker began the quest for the
                  | Orb.
     0 | D:1      | Reached XP level 1. HP: 19/19 MP: 1/1
    78 | D:1      | Reached XP level 2. HP: 15/25 MP: 2/2
   757 | D:1      | Reached skill level 4 in Axes
   954 | D:2      | Reached XP level 3. HP: 14/31 MP: 3/3
  1347 | D:2      | Found a faded altar of an unknown god.
  1684 | D:2      | Reached ** piety under Trog
  1714 | D:2      | Noticed Sigmund
  1722 | D:2      | Killed Sigmund
  1723 | D:2      | Reached skill level 6 in Axes
  1723 | D:2      | Reached XP level 4. HP: 37/37 MP: 4/4
  1723 | D:2      | Reached XP level 5. HP: 43/43 MP: 5/5
  2535 | D:3      | You fall into a shaft and drop 1 floor!
  2680 | D:4      | Found a shimmering altar of Xom.
  2694 | D:4      | Identified the +2 hand axe of the Singing Badger {elec, rN+
                  | Str-5 Dex+4}
  2717 | D:4      | Noticed a phantom
  2723 | D:4      | Killed a phantom
  2724 | D:4      | Reached XP level 6. HP: 43/50 MP: 6/6
  2811 | D:4      | Identified the -1 pair of gloves of Infinity {rElec rPois}
  2849 | D:4      | Reached skill level 7 in Axes
  2925 | D:4      | Found a runed translucent door.
  2926 | D:4      | Noticed Crazy Yiuf
  3855 | D:3      | Found a broken altar of Ashenzari.
  3856 | D:3      | Found a glowing golden altar of the Shining One.
  3888 | D:3      | Found a snail-covered altar of Cheibriados.
  4318 | D:4      | Reached skill level 8 in Axes
  4318 | D:4      | Gained mutation: You curl defensively after being hit.
                  | [Palentonga growth]
  4318 | D:4      | Reached XP level 7. HP: 53/55 MP: 7/7
  4444 | D:4      | Killed Crazy Yiuf
  4545 | D:5      | Entered Level 5 of the Dungeon
  4545 | D:5      | Noticed Edmund
  4559 | D:5      | Killed Edmund
  4686 | D:5      | Found an iron altar of Okawaru.
  4809 | D:5      | Found a sacrificial altar of Ru.
  4824 | D:5      | Reached *** piety under Trog
  4830 | D:5      | Reached skill level 9 in Axes
  5126 | D:5      | Reached XP level 8. HP: 62/62 MP: 8/8
  5210 | D:5      | Reached skill level 10 in Axes
  5466 | D:5      | Noticed Menkaure
  5473 | D:5      | Killed Menkaure
  6394 | D:6      | Reached skill level 5 in Fighting
  6463 | D:6      | Reached skill level 11 in Axes
  6752 | D:6      | Found a staircase to the Ecumenical Temple.
  7120 | D:6      | Reached XP level 9. HP: 56/73 MP: 9/9
  7316 | D:6      | Found a basalt altar of Yredelemnul.
  8103 | D:7      | Found an ornate altar of the Wu Jian Council.
  8315 | D:7      | Reached skill level 12 in Axes
  8943 | D:8      | Reached **** piety under Trog
  9201 | D:8      | Found a hide-covered altar of Uskayaw.
  9993 | D:9      | Reached XP level 10. HP: 57/88 MP: 5/10
 10147 | D:9      | Found a hazy altar of Hepliaklqana.
 10173 | D:9      | Found a bloodstained altar of Trog.
 10209 | D:9      | Reached skill level 1 in Shields
 10571 | D:9      | Found a staircase to the Orcish Mines.
 10579 | D:9      | Reached skill level 13 in Axes
 11589 | D:10     | Entered Level 10 of the Dungeon
 11998 | D:10     | Found a staircase to the Lair.
 12017 | D:10     | Noticed a two-headed ogre
 12026 | D:10     | Killed a two-headed ogre
 12027 | D:10     | Reached skill level 5 in Shields
 12355 | D:10     | Found a blossoming altar of Fedhas.
 12720 | Lair:1   | Entered Level 1 of the Lair of Beasts
 12725 | Lair:1   | Noticed a cane toad
 12729 | Lair:1   | Reached ***** piety under Trog
 12732 | Lair:1   | Killed a cane toad
 12734 | Lair:1   | Noticed a wolf spider
 12743 | Lair:1   | Reached XP level 11. HP: 95/95 MP: 9/11
 12745 | Lair:1   | Killed a wolf spider
 12751 | Lair:1   | Reached skill level 14 in Axes
 13182 | Lair:1   | Found a dark tunnel.
 13186 | Volcano  | Entered a volcano
 13463 | Volcano  | Engulfed by a cloud of flame

Illustrated notes

Levels and vault maps discovered:
D:1:      lightli_arrival_windingriver, layout_basic, minmay_tall_x
D:2:      layout_basic, ebering_ecumenical_altar_sacrificial, serial_rivers,
          chequers_serial_rivers_small_b, chequers_serial_rivers_small_a,
          chequers_serial_rivers_micro_c, chequers_serial_rivers_micro_d,
          uniq_sigmund
D:3:      layout_loops_corners, marbit_many_paths,
          nicolae_overflow_hidden_temple
D:4:      layout_loops_cross, amcnicky_altar_gilded,
          corexii_item_surrounded_by_moat, grunt_decor_clamped,
          amcnicky_mini_pool_small, uniq_crazy_yiuf_cottage
D:5:      layout_basic, lemuel_round_altar, lemuel_crystal_altar,
          chequers_jeans, palyth_stone_intersect, minmay_manual_maat,
          uniq_menkaure, uniq_edmund
D:6:      layout_loops_corners, general_overflow_altar,
          minmay_temple_entry_drinking_statues
D:7:      layout_layer_cave, pdpol_wu_jian_five_deadly_venoms,
          kennysheep_small_square
D:8:      layout_basic, nicolae_uskayaw_dance_hall
D:9:      layout_basic, nicolae_hepliaklqana_hippocampus, kennysheep_little_box,
          kennysheep_orc_monster_closet_entryway
D:10:     layout_basic, overflow_temple_1_default, kiku_gazebo_pond_becter,
          lair_entry_dummy
Lair:1:   minmay_lair_venomous_thicket, layout_layer_cave,
          nicolae_volcano_entry_lava_flow
Volcano:  volcano_aerie

Skill      XL: |  1  2  3  4  5  6  7  8  9 10 11 |
---------------+----------------------------------+-----
Axes           | 4 6 8 9 11 12 13 14 | 14.2
Fighting       | 6 9 |  9.1
Shields        | 5 |  5.2
Armour         | 3 4 |  4.6
Dodging        | |  1.5

Action                   |  1- 3 |  4- 6 |  7- 9 | 10-12 || total
-------------------------+-------+-------+-------+-------++-------
Melee: Hand axe          |    51 |       |       |       ||    51
       Tailslap          |     8 |    12 |    29 |    29 ||    78
       War axe           |    18 |    74 |   229 |   192 ||   513
Invok: Berserk           |     3 |       |     3 |     3 ||     9
       Trog's Hand       |     1 |       |       |     1 ||     2
 Abil: Rolling Charge    |       |       |    10 |     6 ||    16
Evoke: Wand              |       |       |       |     3 ||     3
  Use: Scroll            |     5 |     1 |       |       ||     6
       Potion            |     1 |       |     1 |     7 ||     9
 Stab: Sleeping          |     1 |       |       |       ||     1
Armor: Animal skin       |    28 |     4 |       |       ||    32
       Ring mail         |       |    22 |   114 |    40 ||   176
       Scale mail        |       |       |       |    45 ||    45
Dodge: Dodged            |    42 |    40 |    97 |    90 ||   269
Block: Buckler           |       |       |       |     6 ||     6

Table legend: (Time is in decaauts)
 A = Elapsed time spent in this place.
 B = Non-inter-level travel time spent in this place.
 C = Inter-level travel time spent in this place.
 D = Time resting spent in this place.
 E = Time spent auto-exploring this place.
 F = Levels seen in this place.
 G = Mean time per level.
                   A        B        C        D        E       F      G
               +--------+--------+--------+--------+--------+-----+--------+
         Total |  13521 |  13180 |    341 |   2062 |   9566 |  12 | 1126.8 |
       Dungeon |  12784 |  12443 |    341 |   1616 |   9507 |  10 | 1278.4 |
          Lair |    467 |    467 |      0 |    359 |      0 |   1 |  467.0 |
       Volcano |    270 |    270 |      0 |     87 |     59 |   1 |  270.0 |
               +--------+--------+--------+--------+--------+-----+--------+

Top non-repeatable levels by time:
     D:9: 1680 daAuts
     D:7: 1515 daAuts
     D:5: 1413 daAuts
     D:2: 1383 daAuts
     D:6: 1276 daAuts
     D:8: 1255 daAuts
     D:4: 1172 daAuts
     D:1: 1165 daAuts
     D:3: 1024 daAuts
    D:10: 897 daAuts
  Lair:1: 467 daAuts
 Volcano: 270 daAuts
